 Dungeon Crawl Stone Soup version 0.21.1-1-g345015f (webtiles) character file.

1534 Firecrotchwizard the Spear-Bearer (level 8, -1/60 HPs)
             Began as a Merfolk Gladiator on Mar 29, 2018.
             Was an Initiate of Hepliaklqana.
             Slain by an orc warrior
             ... wielding a +0 halberd
              (8 damage)
             ... on level 6 of the Dungeon.
             The game lasted 00:10:16 (6486 turns).

Firecrotchwizard the Spear-Bearer (MfGl)            Turns: 6486, Time: 00:10:16

Health: -1/60      AC: 10    Str: 16    XL:     8   Next: 86%
Magic:  8/8        EV: 11    Int:  7    God:    Hepliaklqana [......]
Gold:   367        SH:  0    Dex: 16    Spells: 5/7 levels left

rFire    . . .     SeeInvis .   a - +0 trident
rCold    . . .     Gourm    .   (no shield)
rNeg     . . .     Faith    .   G - +0 scale mail
rPois    .         Spirit   .   c - +0 helmet
rElec    .         Reflect  .   (no cloak)
rCorr    .         Harm     .   s - +0 pair of gloves
MR       .....                  H - +1 pair of boots
Stlth    ..........             (no amulet)
HPRegen  0.20/turn              (no ring)
MPRegen  0.11/turn              (no ring)

@: no status effects
A: change form in water, swift swim, stealthy swim, reduced essence
a: Recall Ancestor, Ancestor Identity, Renounce Religion


You were on level 6 of the Dungeon.
You worshipped Hepliaklqana.
Hepliaklqana was noncommittal.
You were not hungry.

You visited 2 branches of the dungeon, and saw 7 of its levels.
You also visited: Sewer and Ossuary.

You collected 367 gold pieces.

Inventory:

Hand Weapons
 a - a +0 trident (weapon)
Missiles
 d - 3 throwing nets {=f, !d}
Armour
 b - a +0 leather armour
 c - a +0 helmet (worn)
 i - a +1 leather armour of magic resistance
   (You found it on level 1 of the Dungeon)
 n - a +0 chain mail
   (You found it on level 1 of the Dungeon)
 s - a +0 pair of gloves (worn)
   (You found it on level 2 of the Dungeon)
 G - a +0 scale mail (worn)
   (You found it on level 4 of the Dungeon)
 H - a +1 pair of boots (worn)
   (You found it on level 4 of the Dungeon)
 K - the +2 robe of Cunux {Str+2 Dex+3 SInv, unknown}
   (You took it off a crimson imp on level 5 of the Dungeon)

   It affects your strength (+2).
   It affects your dexterity (+3).
   It lets you see invisible.
Wands
 t - a wand of polymorph (19)
   (You found it on level 2 of the Dungeon)
 J - a wand of acid (10)
   (You found it on level 5 of the Dungeon)
Scrolls
 e - a scroll of random uselessness {unknown}
 g - 2 scrolls of magic mapping {unknown}
 k - a scroll of blinking {unknown}
 l - 3 scrolls of teleportation {unknown}
 m - 6 scrolls of identify {unknown}
 o - a scroll of fear {unknown}
 u - 2 scrolls of noise {unknown}
 v - 2 scrolls of amnesia {unknown}
 y - a scroll of vulnerability {unknown}
 C - 3 scrolls of fog {unknown}
 E - a scroll of enchant weapon {unknown}
 I - a scroll of remove curse {unknown}
 L - a scroll of enchant armour {unknown}
Potions
 h - a potion of cancellation {unknown}
 j - 2 potions of heal wounds {unknown}
 p - 3 potions of degeneration {unknown}
 r - a potion of lignification {unknown}
 x - a potion of invisibility {unknown}
 z - 4 potions of flight {unknown}
 A - 2 potions of might {unknown}
 B - a potion of mutation {unknown}
 F - 2 potions of curing {unknown}
Books
 w - a book of Minor Magic
   (You found it on level 3 of the Dungeon)
 D - a book of Changes
   (You found it on level 3 of the Dungeon)
Comestibles
 f - 14 rations {@e1}


   Skills:
 + Level 7.1 Fighting
 * Level 12.8 Polearms
 - Level 2.0 Throwing
 - Level 4.0 Dodging


You had 5 spell levels left.
You knew the following spells:

 Your Spells              Type           Power        Failure   Level  Hunger
b - Blink                 Tloc           N/A          95%         2    ###....


Dungeon Overview and Level Annotations

Branches:
Dungeon (6/15)             Temple (1/1) D:5

Altars:
Ashenzari
Dithmenos
Fedhas
Gozag
Hepliaklqana
Makhleb
Nemelex Xobeh
Okawaru
Ru
Sif Muna
Vehumet
Xom


Message History

Attack whom?
Aim: a crimson imp (moderately wounded)
You reach to attack!
You puncture the crimson imp!
You kill the crimson imp!
No target in view!
No target in view!
You may need something to eat soon, looking for food.
Can't find anything matching that.
Okay, then.
You eat one of the 15 rations {@e1}.
That ration really hit the spot!
Lucius is recalled.
You now have 6/8 mp.
You start resting.
MP restored: 8 You swap places.
You now have 359 gold pieces (gained 17).
You swap places.
You now have 367 gold pieces (gained 8).
A quokka comes into view.
A quokka is nearby!
Attack whom?
Aim: a quokka You reach to attack!
You closely miss the quokka. You closely miss the quokka.
You hit the quokka but do no damage. The quokka bites you.
You take 3 damage, and have 57/60 hp.
You puncture the quokka!
You kill the quokka!
No target in view!
Found a stone staircase leading down.
You regained 2 hp, and now have 59/60 hp.
An orc warrior comes into view. It is wielding a halberd.
The orc warrior shouts!
Health restored: 60 An orc warrior is nearby!
An orc wizard comes into view. It is wielding a dagger.
An orc comes into view. It is wielding a club.
The orc shouts!
Attack whom?
Aim: an orc warrior, wielding a halberd and wearing a chain mail You reach to attack!
You puncture the orc warrior!
The orc warrior hits you from afar with a halberd!
You take 10 damage, and have 50/60 hp.
You swap places.
The orc warrior barely misses Lucius.
Lucius closely misses the orc warrior.
The orc warrior hits Lucius with a halberd!!
Lucius hits the orc warrior but does no damage.
The orc warrior misses you.
The orc wizard mumbles some strange words.
The orc wizard blinks!
Lucius misses the orc warrior.
Attack whom?
Aim: an orc warrior, wielding a halberd and wearing a chain mail (moderately wounded)
You could not reach far enough!
The orc warrior hits you from afar with a halberd!
You take 10 damage, and have 41/60 hp.
Attack whom?
Aim: an orc warrior, wielding a halberd and wearing a chain mail (moderately wounded)
You reach to attack!
You barely miss the orc warrior.
The orc wizard gestures wildly while chanting.
The orc wizard blinks!
Lucius closely misses the orc warrior.
Attack whom?
Aim: an orc warrior, wielding a halberd and wearing a chain mail (moderately wounded)
You reach to attack!
You closely miss the orc warrior.
The orc warrior hits you from afar with a halberd!
The orc wizard gestures at you while chanting.
You resist with some effort.
Lucius completely misses the orc warrior.
You take 11 damage, and have 30/60 hp.
Attack whom?
Aim: an orc warrior, wielding a halberd and wearing a chain mail (moderately wounded)
You could not reach far enough!
Attack whom?
Aim: an orc warrior, wielding a halberd and wearing a chain mail (moderately wounded)
You reach to attack!
You closely miss the orc warrior.
Lucius hits the orc warrior but does no damage.
The orc warrior hits you from afar with a halberd!
* * * LOW HITPOINT WARNING * * *
You take 15 damage, and have 15/60 hp.
MASSIVE DAMAGE!!
Attack whom?
Aim: an orc warrior, wielding a halberd and wearing a chain mail (moderately wounded)
You could not reach far enough!
The orc wizard casts a spell at you. You resist with some effort.
Lucius hits the orc warrior.
Attack whom?
Aim: an orc warrior, wielding a halberd and wearing a chain mail (moderately wounded)
You could not reach far enough!
The orc warrior hits you from afar with a halberd!
* * * LOW HITPOINT WARNING * * *
You take 8 damage, and have 7/60 hp.
Attack whom?
Aim: an orc warrior, wielding a halberd and wearing a chain mail (moderately wounded)
You reach to attack!
You hit the orc warrior but do no damage.
Lucius hits the orc warrior but does no damage.
Attack whom?
Aim: an orc warrior, wielding a halberd and wearing a chain mail (moderately wounded)
You could not reach far enough!
The orc warrior hits you from afar with a halberd!
You die...

####### #......
#.#####
##################.#.#
....ooR@...o........>#
##################.#.#
#.#.# #.#.# #.#.#.#
#.#.#.. #.#.###
#.#.#<. #######.#.#..


You could see the friendly Lucius the ancestor, an orc warrior, an orc wizard
and an orc.

Vanquished Creatures
  The ghost of GoodBoy the Sneak, an amateur VSAs (D:3)
  2 sky beasts (D:5)
  A phantom (D:5)
  A centaur (D:5)
  5 big kobolds (D:5)
  A howler monkey (D:4)
  2 crimson imps
  2 hounds
  4 orc wizards
  5 worker ants
  A hound zombie (Ossuary)
  2 hound skeletons
  4 gnolls (D:4)
  8 adders
  4 oozes
  5 worms
  6 leopard geckos
  19 orcs
  4 ball pythons
  19 bats
  7 giant cockroaches
  3 goblins (D:2)
  12 hobgoblins
  4 jackals (Sewer)
  3 quokkas
  8 frilled lizards
  A jackal skeleton (D:5)
  10 kobolds
  A quokka zombie (D:5)
  2 rats
  2 rat zombies (Ossuary)
149 creatures vanquished.

Vanquished Creatures (others)
  3 fungi (D:5)
  10 toadstools (D:5)
13 creatures vanquished.

Grand Total: 162 creatures vanquished

Notes
Turn   | Place    | Note
-------+----------+-------------------------------------------
     0 | D:1      | Firecrotchwizard the Merfolk Gladiator began the quest for the Orb.
     0 | D:1      | Reached XP level 1. HP: 16/16 MP: 1/1
    99 | D:1      | Reached XP level 2. HP: 21/23 MP: 2/2
   112 | D:1      | Reached skill level 5 in Polearms
   625 | D:2      | Reached skill level 3 in Fighting
   625 | D:2      | Reached skill level 6 in Polearms
   625 | D:2      | Reached XP level 3. HP: 18/29 MP: 3/3
   636 | D:2      | HP: 7/29 [poisoned by a worker ant]
   642 | D:2      | HP: 5/29 [poisoned by a worker ant]
   648 | D:2      | HP: 3/29 [poisoned by a worker ant]
   656 | D:2      | HP: 2/29 [poisoned by a worker ant]
  1202 | D:2      | Reached XP level 4. HP: 26/35 MP: 4/4
  2269 | D:3      | Found a faded altar of an unknown god.
  2325 | D:3      | Reached skill level 7 in Polearms
  2420 | D:3      | Reached XP level 5. HP: 39/41 MP: 5/5
  2424 | D:3      | Noticed GoodBoy's ghost (amateur VSAs)
  2442 | D:3      | Killed GoodBoy's ghost
  2442 | D:3      | Reached skill level 4 in Fighting
  2442 | D:3      | Reached skill level 8 in Polearms
  2442 | D:3      | Reached XP level 6. HP: 28/48 MP: 6/6
  2639 | D:3      | Learned a level 2 spell: Blink
  2850 | D:3      | Found a glowing drain.
  2873 | Sewer    | Entered a sewer
  3530 | D:4      | Reached skill level 9 in Polearms
  3757 | D:4      | Reached XP level 7. HP: 52/55 MP: 7/7
  3871 | D:4      | Reached skill level 5 in Fighting
  4184 | D:4      | Reached skill level 10 in Polearms
  4390 | D:5      | Entered Level 5 of the Dungeon
  4602 | D:5      | Found a sand-covered staircase.
  4608 | Ossuary  | Entered an ossuary
  4639 | Ossuary  | HP: 13/56 [hound zombie (3)]
  4991 | D:5      | HP: 13/56 [something (6)]
  4994 | D:5      | Reached XP level 8. HP: 8/64 MP: 8/8
  4996 | D:5      | Reached skill level 11 in Polearms
  5297 | D:5      | Reached skill level 6 in Fighting
  5362 | D:5      | Found an opulent altar of Gozag.
  5600 | D:5      | Got an ancient robe
  5808 | D:5      | Found a staircase to the Ecumenical Temple.
  5885 | D:5      | Reached skill level 12 in Polearms
  6146 | Temple   | Entered the Ecumenical Temple
  6185 | Temple   | Became a worshipper of Hepliaklqana the Forgotten
  6317 | D:5      | Reached skill level 7 in Fighting
  6322 | D:5      | Noticed a slime creature
  6322 | D:5      | Noticed a slime creature
  6322 | D:5      | Noticed a slime creature
  6482 | D:6      | HP: 15/60 [orc warrior/halberd (16)]
  6484 | D:6      | HP: 7/60 [orc warrior/halberd (8)]
  6486 | D:6      | Slain by an orc warrior

Skill      XL: |  1  2  3  4  5  6  7  8 |
---------------+-------------------------+-----
Polearms       | 6 7 8 9 10 12 | 12.8
Fighting       | 3 4 5 7 |  7.1
Throwing       | |  2.0
Dodging        | |  4.0

Action                   |  1- 3 |  4- 6 |  7- 9 || total
-------------------------+-------+-------+-------++-------
Melee: Trident           |    81 |   279 |   321 ||   681
       Tailslap          |       |     1 |       ||     1
Invok: Recall Ancestor   |       |       |     1 ||     1
 Stab: Sleeping          |     1 |     9 |       ||    10
  Eat: Chunk             |       |     9 |     4 ||    13
       Ration            |       |       |     2 ||     2
Armor: Leather armour    |    11 |    40 |       ||    51
       Scale mail        |       |    15 |   177 ||   192
Dodge: Dodged            |    56 |   174 |   185 ||   415

Vault maps used:
D:1:      shiori_arrival_elements
D:3:      cheibrodos_sewer_entry_bend, chequers_ecumenical_altar_island
D:4:      first_ration, kennysheep_small_square
D:5:      cheibrodos_fertilizer, minmay_temple_entry_fiery,
          lightli_ossuary_entry_decrepit_ruins, grunt_ministairs_2,
          grunt_gozag_breadcrumbs
D:6:      cheibriados_altar_1, nicolae_ru_path_of_blood, uniq_menkaure,
          uniq_pikel
Temple:   kilobyte_greek_temple
Sewer:    sewer_fruit_machine
Ossuary:  ossuary_minmay_tomb_2a

Table legend:
 A = Turns spent in this place as a percentage of turns spent in the entire game.
 B = Non-inter-level travel turns spent in this place as a percentage of non-inter-level travel turns spent in the entire game.
 C = Inter-level travel turns spent in this place as a percentage of turns spent in this place.
 D = Turns resting spent in this place as a percentage of non-inter-level travel turns spent in this place.
 E = Turns spent auto-exploring this place as a percentage of non-inter-level travel turns spent in this place.
 F = Non-inter-level travel turns spent in this place divided by the number of levels of this place that you've seen.
                   A       B       C       D       E      F
               +-------+-------+-------+-------+-------+----------------------
         Total | 100.0 | 100.0 |   4.4 |  33.7 |  45.4 | 688.8
       Dungeon |  91.1 |  91.2 |   4.3 |  36.9 |  43.6 | 942.0
        Temple |   1.1 |   0.6 |  44.3 |   0.0 |  92.3 |  39.0
         Sewer |   7.1 |   7.4 |   0.0 |   0.0 |  68.8 | 459.0
       Ossuary |   0.8 |   0.8 |   0.0 |   0.0 |   0.0 |  49.0
               +-------+-------+-------+-------+-------+----------------------

Table legend:
 A = Kills in this place as a percentage of kills in entire the game.
 B = Kills by you in this place as a percentage of kills by you in the entire game.
 C = Kills by friends in this place as a percentage of kills by friends in the entire game.
 D = Other kills in this place as a percentage of other kills in the entire game.
 E = Experience gained in this place as a percentage of experience gained in the entire game.
 F = Experience gained in this place divided by the number of levels of this place that you have seen.
                   A       B       C       D       E      F
               +-------+-------+-------+-------+-------+----------------------
         Total | 100.0 | 100.0 |   N/A |   N/A | 100.0 | 243.6
       Dungeon |  82.6 |  82.6 |   N/A |   N/A |  96.4 | 352.0
         Sewer |  15.4 |  15.4 |   N/A |   N/A |   2.6 |  58.0
       Ossuary |   2.0 |   2.0 |   N/A |   N/A |   1.0 |  22.0
               +-------+-------+-------+-------+-------+----------------------
